 Dungeon Crawl Stone Soup version 0.31-a0-216-g22e908daa7 (webtiles) character file.

Game seed: 16426146841640944793

1195 Gargoyl the Chopper (level 8, 0/51 HPs)
             Began as a Gargoyle Berserker on July 2, 2023.
             Was a Priest of Trog.
             Slain by a gnoll
             ... wielding a +0 halberd
              (2 damage)
             ... on level 5 of the Dungeon.
             The game lasted 00:07:11 (3466 turns).

Gargoyl the Chopper (Gargoyle Berserker)            Turns: 3466, Time: 00:07:11

Health: 0/51       AC: 18    Str: 22    XL:     8   Next: 44%
Magic:  8/8        EV:  9    Int:  7    God:    Trog [***...]
Gold:   213        SH:  0    Dex: 11    Spells: 7/7 levels left

rFire   . . .        a - +1 hand axe
rCold   . . .        (no shield)
rNeg    + . .        f - +0 chain mail
rPois   ∞            h - +0 helmet
rElec   +            c - +0 cloak
rCorr   .            (no gloves)
SInv    .            (no boots)
Will    .....        (no amulet) Stlth
                     (no ring)
HPRegen 0.28/turn    (no ring)
MPRegen 0.11/turn

%: no passive effects
@: on berserk cooldown, slowed, very slow
A: sickness immunity, AC +5, negative energy resistance 1, electricity
resistance, torment resistance 1, petrification resistance
a: Renounce Religion, Berserk, Trog's Hand


You were on level 5 of the Dungeon.
You worshipped Trog.
Trog was most pleased with you.
You visited 1 branch of the dungeon, and saw 5 of its levels.

You collected 213 gold pieces.

Inventory:

Hand Weapons
 a - a +1 hand axe (weapon)
 p - a +0 war axe
Missiles
 b - 5 poisoned darts
Armour
 c - a +0 cloak (worn)
 f - a +0 chain mail (worn)
 h - a +0 helmet (worn)
Jewellery
 e - a ring of flight
 l - a ring of protection from fire
Wands
 d - a wand of flame (20)
 i - a wand of light (12)
 n - a wand of paralysis (12)
Scrolls
 g - 2 scrolls of identify
Potions
 m - a potion of magic
 o - 2 potions of resistance


   Skills:
 + Level 6.0 Fighting
 + Level 6.7 Axes
 + Level 5.5 Armour
 + Level 2.7 Dodging
 + Level 0.5 Stealth


You had 7 spell levels left.
You didn't know any spells.
Your spell library was empty.

Dungeon Overview and Level Annotations

Branches:
Dungeon (5/15)
 Temple: D:4-7

Altars:
Hepliaklqana
Uskayaw

Shops:
D:4 *


Innate Abilities, Weirdness & Mutations

You are immune to sickness and miasma.
Your stone body is resilient. (AC +5)
You are immune to poison.
You resist negative energy. (rN+)
You are resistant to electric shocks. (rElec)
You are resistant to unholy torment.
You are immune to petrification.


Message History

The gnoll barely misses you.
The gnoll hits you from afar with a +0 halberd.
* * * LOW HITPOINT WARNING * * *
You feel better. The killer bee closely misses you.
The killer bee stings you but does no damage.
The hound closely misses you.
The killer bee stings you but does no damage.
The killer bee closely misses you. The hound barely misses you.
Something hits you but does no damage. The gnoll hits you with a +0 halberd!
* * * LOW HITPOINT WARNING * * *
The gnoll hits you but does no damage.
The killer bee stings you but does no damage. x2
Okay, then.
You hit the gnoll.
The gnoll is heavily wounded.
You hit the hound. You hit something. You miss the killer bee. x2
The killer bee barely misses you.
The killer bee stings you but does no damage.
The hound bites you but does no damage. The killer bee barely misses you. x2
The gnoll hits you but does no damage.
The gnoll hits you from afar with a +0 halberd.
* * * LOW HITPOINT WARNING * * *
Something hits you but does no damage. The hound bites you but does no damage.
The killer bee stings you but does no damage. x2
Something hits you but does no damage. The gnoll closely misses you.
The gnoll hits you but does no damage. The hound bites you.
* * * LOW HITPOINT WARNING * * *
You hit the gnoll.
The gnoll is almost dead.
You hit something. You closely miss the killer bee.
You hit the killer bee but do no damage.
You hit the hound.
Your skin stops crawling.
You feel less strong-willed.
The killer bee stings you but does no damage.
The killer bee barely misses you.
The killer bee stings you but does no damage.
The killer bee misses you. The hound bites you.
* * * LOW HITPOINT WARNING * * *
The gnoll hits you but does no damage. The gnoll hits you with a +0 halberd.
You die...

#....# ##########....#
).......#....#
#...........#
#...........#
#...........#
#...).......##'#
+.y))............
#g@.†))..!.#.....
.....gyh).......#.....
###.#.######....#.....
#... #....# .$..
.###########....# ...
........†.......###
###....##.........#
#.... #.........#+####
#.... ##+##...........


You could see a hound, 2 killer bees and 2 gnolls.

Vanquished Creatures
  Pikel (D:4)
  3 lemures (D:4)
  A phantom (D:4)
  2 scorpions (D:5)
  A killer bee (D:5)
  2 jellies
  An orc priest (D:4)
  3 orc wizards (D:4)
  Terence (D:3)
  An iguana (D:5)
  Robin (D:2)
  7 gnolls
  7 adders
  A worm (D:3)
  3 dart slugs
  16 orcs
  8 endoplasms
  5 giant cockroaches
  13 hobgoblins
  3 quokkas
  10 ball pythons
  5 bats
  3 frilled lizards
  15 goblins
  3 kobolds
  3 rats
119 creatures vanquished.

Notes
Turn   | Place    | Note
-------+----------+-------------------------------------------
     0 | D:1      | Gargoyl the Gargoyle Berserker began the quest for the Orb.
     0 | D:1      | Reached XP level 1. HP: 14/14 MP: 1/1
   130 | D:1      | Reached XP level 2. HP: 19/19 MP: 2/2
   426 | D:1      | Reached XP level 3. HP: 14/24 MP: 3/3
  1376 | D:2      | Reached ** piety under Trog
  1395 | D:2      | Found a hazy altar of Hepliaklqana.
  1465 | D:2      | Reached XP level 4. HP: 29/29 MP: 4/4
  1503 | D:2      | Noticed Robin
  1513 | D:2      | Killed Robin
  1680 | D:2      | Reached XP level 5. HP: 33/33 MP: 5/5
  1823 | D:3      | Noticed Terence
  1831 | D:3      | Killed Terence
  1884 | D:3      | Noticed a +0 spear
  1884 | D:3      | Noticed a +0 short sword
  1886 | D:3      | Noticed a +0 dagger
  1887 | D:3      | Noticed a +0 spear
  1887 | D:3      | Noticed a +0 dagger
  1887 | D:3      | Noticed a +0 falchion
  1887 | D:3      | Noticed a +0 falchion
  1888 | D:3      | Noticed a +0 short sword
  1899 | D:3      | Found a hide-covered altar of Uskayaw.
  2016 | D:3      | Identified the +1 dagger of Majestic Forgiveness {protect,
                  | *Noise Drain rElec rN+++}
  2098 | D:3      | Reached *** piety under Trog
  2546 | D:4      | Found Wigetwaa's General Store.
  2579 | D:4      | Reached XP level 6. HP: 39/39 MP: 6/6
  2753 | D:4      | Reached skill level 5 in Axes
  2919 | D:4      | Noticed Pikel
  2954 | D:4      | Killed Pikel
  2955 | D:4      | Reached skill level 5 in Fighting
  2955 | D:4      | Reached XP level 7. HP: 36/44 MP: 7/7
  2955 | D:4      | Reached XP level 8. HP: 41/50 MP: 8/8
  3316 | D:5      | Entered Level 5 of the Dungeon
  3448 | D:5      | Reached skill level 5 in Armour
  3466 | D:5      | HP: 2/51 [hound (3)]
  3466 | D:5      | Slain by a gnoll

Illustrated notes

Levels and vault maps discovered:
D:1:      erik_arrival_orb_chamber, layout_basic
D:2:      layout_basic, basic_altar, uniq_robin
D:3:      layout_basic, nicolae_uskayaw_en_pointe, uniq_terence
D:4:      layout_basic, serial_shops, shop, serial_glass, glass_columns_a,
          glass_columns_c, glass_columns_c, glass_columns_a, glass_columns_c,
          glass_columns_a, minmay_misc_feat_plants, uniq_pikel
D:5:      layout_basic, cheibrodos_sewer_entry_drain

Skill      XL: |  1  2  3  4  5  6  7  8 |
---------------+-------------------------+-----
Axes           | 3 4 6 |  6.7
Fighting       | 4 5 6 |  6.0
Armour         | 3 4 5 |  5.5
Dodging        | 2 |  2.7
Stealth        | |  0.5

Action                     |  1- 3 |  4- 6 |  7- 9 || total
---------------------------+-------+-------+-------++-------
  Melee: Hand axe          |   115 |   212 |    50 ||   377
         Punch             |     1 |     2 |     1 ||     4
 Invoke: Berserk           |     2 |     5 |     3 ||    10
         Trog's Hand       |       |     1 |     2 ||     3
    Use: Scroll            |     5 |     5 |     2 ||    12
         Potion            |       |     2 |     2 ||     4
 Armour: Chain mail        |    84 |   143 |   111 ||   338
         Animal skin       |     1 |       |       ||     1
  Dodge: Dodged            |    42 |    65 |    73 ||   180

Table legend: (Time is in decaauts)
 A = Elapsed time spent in this place.
 B = Non-inter-level travel time spent in this place.
 C = Inter-level travel time spent in this place.
 D = Time resting spent in this place.
 E = Time spent auto-exploring this place.
 F = Levels seen in this place.
 G = Mean time per level.
                   A        B        C        D        E       F      G
               +--------+--------+--------+--------+--------+-----+--------+
         Total |   3576 |   3476 |    100 |      0 |   2476 |   5 |  715.2 |
       Dungeon |   3576 |   3476 |    100 |      0 |   2476 |   5 |  715.2 |
               +--------+--------+--------+--------+--------+-----+--------+

Top non-repeatable levels by time:
     D:1: 1130 daAuts
     D:4: 937 daAuts
     D:2: 721 daAuts
     D:3: 625 daAuts
     D:5: 161 daAuts
